 Dungeon Crawl Stone Soup version 0.22.1-1-ga44c0e5 (webtiles) character file.

4961 Harpaggios the Martial Artist (level 10, -2/76 HPs)
             Began as a Gnoll Transmuter on Oct 17, 2018.
             Was a Priest of Yredelemnul.
             Killed by divine providence
             ... invoked by an orc priest
              (12 damage)
             ... on level 9 of the Dungeon.
             The game lasted 00:56:13 (8024 turns).

Harpaggios the Martial Artist (Gnoll Transmuter)    Turns: 8024, Time: 00:56:14

Health: -2/76      AC:  2    Str: 13      XL:     10   Next: 53%
Magic:  1/30       EV: 28    Int: 14 (17) God:    Yredelemnul [***...]
Gold:   420        SH:  5    Dex: 22      Spells: 14/23 levels left

rFire    . . .     SeeInvis .     - Unarmed
rCold    . . .     Gourm    .   (shield currently unavailable)
rNeg     . . .     Faith    .   (armour currently unavailable)
rPois    x         Spirit   .   (helmet currently unavailable)
rElec    .         Reflect  +   (cloak currently unavailable)
rCorr    .         Harm     .   (gloves currently unavailable)
MR       .....                  (boots currently unavailable)
Stlth    +++.......             g - +5 amulet of reflection
HPRegen  0.22/turn              u - ring of magical power
MPRegen  0.22/turn              (no ring)

@: spider-form
A: tiny, distributed training, strong nose
a: End Transformation, Recall Undead Slaves, Injury Mirror, Animate Dead,
Renounce Religion


You were on level 9 of the Dungeon.
You worshipped Yredelemnul.
Yredelemnul was most pleased with you.
You were very hungry.
You were a venomous arachnid creature.
You visited 1 branch of the dungeon, and saw 9 of its levels.

You collected 420 gold pieces.

Inventory:

Hand Weapons
 p - the +4 great sword of Ru's Outrage (melded) {drain, rF+ rC+ Dex+2}
   (You found it on level 5 of the Dungeon)

   A truly terrible weapon, it drains the life of those it strikes.
   It affects your dexterity (+2).
   It protects you from fire.
   It protects you from cold.
Missiles
 a - 124 arrows
Armour
 b - a +1 robe (melded)
 n - a +0 shield of reflection
Jewellery
 g - a +5 amulet of reflection (around neck)
 r - an uncursed amulet of regeneration
 u - a ring of magical power (left front leg)
Wands
 f - a wand of flame (27)
 q - a wand of disintegration (10)
Scrolls
 c - 3 scrolls of identify
 h - 8 scrolls of remove curse
 k - a scroll of teleportation
 l - a scroll of fog
 m - 3 scrolls of enchant armour
Potions
 e - 2 potions of curing
Comestibles
 d - 16 rations


   Skills:
 + Level 5.9 Fighting
 + Level 5.2 Short Blades
 + Level 5.2 Long Blades
 + Level 5.2 Axes
 + Level 5.2 Maces & Flails
 + Level 5.2 Polearms
 + Level 5.2 Staves
 + Level 5.2 Slings
 + Level 5.2 Bows
 + Level 5.2 Crossbows
 + Level 5.2 Throwing
 + Level 5.2 Armour
 + Level 7.1 Dodging
 + Level 5.2 Stealth
 + Level 5.2 Shields
 + Level 8.5 Unarmed Combat
 + Level 7.3 Spellcasting
 + Level 4.3 Conjurations
 + Level 4.3 Hexes
 + Level 4.3 Charms
 + Level 4.3 Summonings
 + Level 4.3 Necromancy
 + Level 4.3 Translocations
 + Level 5.8 Transmutations
 + Level 4.3 Fire Magic
 + Level 4.3 Ice Magic
 + Level 4.3 Air Magic
 + Level 4.3 Earth Magic
 + Level 4.3 Poison Magic
 + Level 5.8 Invocations
 + Level 5.2 Evocations


You had 14 spell levels left.
You knew the following spells:

 Your Spells              Type           Power        Failure   Level  Hunger
a - Beastly Appendage     Tmut           ###...       6%          1    None
b - Sticks to Snakes      Tmut           ###.....     8%          2    None
c - Spider Form           Tmut/Pois      ###.......   14%         3    ##.....
d - Summon Guardian Gole  Hex/Summ       ###.....     19%         3    ##.....

Your spell library contained the following spells:

 Spells                   Type           Power        Failure   Level  Hunger
 Animate Skeleton         Necr           N/A          9%          1    None
 Apportation              Tloc           ###...       9%          1    None
 Confusing Touch          Hex            ###...       9%          1    None
 Summon Small Mammal      Summ           ###.         9%          1    None
 Call Imp                 Summ           ###.....     12%         2    None
 Call Canine Familiar     Summ           ###.....     19%         3    ##.....
 Ice Form                 Ice/Tmut       ###.....     36%         4    ####...
 Summon Ice Beast         Ice/Summ       ###.....     43%         4    ####...
 Summon Lightning Spire   Summ/Air       ###.....     43%         4    ####...
 Blade Hands              Tmut           ###.......   56%         5    #####..


Dungeon Overview and Level Annotations

Branches:
Dungeon (9/15)             Temple (0/1) D:5            Lair (0/6) D:9
    Orc: D:9-12

Altars:
Ashenzari
Dithmenos
Elyvilon
Gozag
Nemelex Xobeh
Okawaru
Qazlal
Ru
Trog
Xom
Yredelemnul
The Shining One

Annotations:
D:5 2 transporters, strongu's ghost, novice OpFi


Innate Abilities, Weirdness & Mutations

Your experience applies equally to all skills.
((You have very sharp teeth.))
Your uncanny sense of smell can sniff out nearby items.


Message History

A howler monkey comes into view.
The killer bee misses you.
You riposte.
The howler monkey howls!
You hit the killer bee.
The killer bee is moderately wounded.
You slash the killer bee!
You kill the killer bee!
Yredelemnul accepts your kill.
Casting: Sticks to Snakes (safe; 1% risk of failure)
Confirm with . or Enter, or press ? or * to list all spells.
You turn into a venomous arachnid creature.
The +4 great sword of Ru's Outrage {drain, rF+ rC+ Dex+2} melds into your body.
Your +1 robe melds into your body.
Okay, then.
You feel better.
The howler monkey hoots and howls with incredible vigour!
The orc priest calls down the wrath of Beogh upon you.
Beogh smites you!
You die...
Your body rises from the dead as a mindless zombie.

...............
...............
..............## Z
.(.............#..
.....................
.....................
..../........# #...##
#......s.....##.....#
##.......o...#.......
##.%....)=h.#....o..
##......o..........
##.....[..........
##...........>...
##.................
##................
##....#..P....#..


You could see a howler monkey and 2 orc priests.

Vanquished Creatures
  Grinder (D:4)
  A spriggan (D:9)
  A soldier ant (D:9)
  2 wargs (D:9)
  Duvessa (D:5)
  An orc warrior (D:9)
  A black bear (D:8)
  3 phantoms
  2 sky beasts (D:8)
  A necrophage (D:5)
  2 ice beasts
  9 ogres
  4 centaurs
  A big kobold (D:7)
  Blork the orc (D:5)
  A bullfrog (D:8)
  Dowan (D:5)
  3 scorpions
  9 killer bees
  A howler monkey (D:5)
  2 electric eels (D:7)
  5 crimson imps
  4 hounds
  A jelly (D:8)
  2 orc priests
  2 orc wizards
  A gnoll shaman (D:6)
  Jessica (D:3)
  2 bullfrog skeletons
  2 iguanas
  3 worker ants
  A hound zombie (D:8)
  2 worker ant zombies (D:7)
  4 gnolls (D:6)
  14 adders
  3 shadow imps
  2 adder zombies (D:8)
  8 worms
  5 leopard geckos
  10 orcs
  7 bats
  6 giant cockroaches
  5 goblins
  6 hobgoblins
  12 jackals
  3 quokkas
  A ball python (D:1)
  3 frilled lizards
  16 kobolds
  A quokka zombie (D:8)
  7 rats
187 creatures vanquished.

Vanquished Creatures (collateral kills)
  A hippogriff (D:8)
  A phantom (D:6)
  A wyvern skeleton (D:8)
  2 killer bees (D:9)
  2 orc priests
  3 orc wizards
  A worker ant (D:5)
  An adder (D:7)
  3 gnolls (D:6)
  5 orcs
  2 jackals (D:6)
22 creatures vanquished.

Vanquished Creatures (others)
  A bullfrog zombie (D:8)
  A centaur zombie (D:5)
  2 killer bee zombies (D:5)
  An adder zombie (D:8)
  A gnoll zombie (D:6)
  A jackal zombie (D:6)
7 creatures vanquished.

Grand Total: 216 creatures vanquished

Notes
Turn   | Place    | Note
-------+----------+-------------------------------------------
     0 | D:1      | Harpaggios the Gnoll Transmuter began the quest for the
                  | Orb.
     0 | D:1      | Reached XP level 1. HP: 17/17 MP: 6/6
   140 | D:1      | Reached XP level 2. HP: 23/23 MP: 7/7
   603 | D:1      | Reached XP level 3. HP: 28/28 MP: 9/9
   726 | D:1      | Reached skill level 5 in Spellcasting
  1085 | D:2      | Reached skill level 1 in Invocations
  1324 | D:2      | Reached skill level 1 in Short Blades
  1324 | D:2      | Reached skill level 1 in Long Blades
  1324 | D:2      | Reached skill level 1 in Axes
  1324 | D:2      | Reached skill level 1 in Maces & Flails
  1324 | D:2      | Reached skill level 1 in Polearms
  1324 | D:2      | Reached skill level 1 in Staves
  1324 | D:2      | Reached skill level 1 in Slings
  1324 | D:2      | Reached skill level 1 in Bows
  1324 | D:2      | Reached skill level 1 in Crossbows
  1324 | D:2      | Reached skill level 1 in Throwing
  1324 | D:2      | Reached skill level 1 in Armour
  1324 | D:2      | Reached skill level 1 in Stealth
  1324 | D:2      | Reached skill level 1 in Shields
  1324 | D:2      | Reached skill level 1 in Evocations
  1580 | D:2      | Noticed a moth of wrath
  1583 | D:2      | Found a bloodstained altar of Trog.
  1599 | D:2      | Reached XP level 4. HP: 23/34 MP: 9/11
  1930 | D:3      | Found an opulent altar of Gozag.
  1970 | D:3      | Reached skill level 1 in Conjurations
  1970 | D:3      | Reached skill level 1 in Hexes
  1970 | D:3      | Reached skill level 1 in Charms
  1970 | D:3      | Reached skill level 1 in Summonings
  1970 | D:3      | Reached skill level 1 in Necromancy
  1970 | D:3      | Reached skill level 1 in Translocations
  1970 | D:3      | Reached skill level 1 in Fire Magic
  1970 | D:3      | Reached skill level 1 in Ice Magic
  1970 | D:3      | Reached skill level 1 in Air Magic
  1970 | D:3      | Reached skill level 1 in Earth Magic
  1970 | D:3      | Reached skill level 1 in Poison Magic
  2033 | D:3      | Reached XP level 5. HP: 26/40 MP: 10/12
  2286 | D:3      | Noticed a phantom
  2324 | D:3      | Killed a phantom
  2324 | D:3      | Reached XP level 6. HP: 41/47 MP: 13/13
  2328 | D:3      | Learned a level 2 spell: Sticks to Snakes
  2332 | D:3      | Learned a level 3 spell: Spider Form
  2370 | D:3      | Noticed Jessica
  2380 | D:3      | Killed Jessica
  2755 | D:3      | Reached skill level 5 in Dodging
  2865 | D:3      | Found a shimmering altar of Xom.
  3083 | D:4      | Noticed Grinder
  3087 | D:4      | Paralysed by Grinder for 3 turns
  3127 | D:4      | Killed Grinder
  3127 | D:4      | Reached XP level 7. HP: 35/52 MP: 8/15
  3248 | D:4      | Reached skill level 7 in Unarmed Combat
  3796 | D:4      | Found a glowing golden altar of the Shining One.
  3798 | D:4      | Found a shadowy altar of Dithmenos.
  3798 | D:4      | Found a white marble altar of Elyvilon.
  3799 | D:4      | Found a basalt altar of Yredelemnul.
  3799 | D:4      | Found an iron altar of Okawaru.
  3818 | D:4      | Found a stormy altar of Qazlal.
  3830 | D:4      | Became a worshipper of Yredelemnul the Dark
  3844 | D:4      | Found a shattered altar of Ashenzari.
  3931 | D:4      | Found a sacrificial altar of Ru.
  3963 | D:4      | Reached XP level 8. HP: 43/60 MP: 16/16
  4243 | D:5      | Entered Level 5 of the Dungeon
  4243 | D:5      | Noticed Duvessa
  4243 | D:5      | Noticed Dowan
  4292 | D:5      | Noticed Blork the orc
  4304 | D:5      | Killed Blork the orc
  4323 | D:5      | Found an iron altar of Okawaru.
  4350 | D:5      | Killed Duvessa
  4360 | D:5      | Reached XP level 9. HP: 60/66 MP: 16/18
  4366 | D:5      | Killed Dowan
  4430 | D:5      | Reached skill level 5 in Transmutations
  4450 | D:5      | Noticed strongu's ghost (novice OpFi)
  4629 | D:5      | Found a transporter.
  4637 | D:5      | Found a transporter.
  4790 | D:5      | Reached * piety under Yredelemnul
  4937 | D:5      | Got an ichor-stained great sword
  4938 | D:5      | Identified the +4 great sword of Ru's Outrage {drain, rF+
                  | rC+ Dex+2} (You found it on level 5 of the Dungeon)
  5090 | D:5      | Found a staircase to the Ecumenical Temple.
  5142 | D:5      | Reached skill level 5 in Fighting
  5727 | D:6      | Reached skill level 8 in Unarmed Combat
  5982 | D:6      | Reached skill level 5 in Invocations
  5992 | D:6      | Learned a level 3 spell: Summon Guardian Golem
  6330 | D:7      | Got a scorched spear
  6332 | D:7      | Identified the +5 spear of Past Mistakes {holy, Stlth+}
                  | (You found it on level 7 of the Dungeon)
  6476 | D:7      | Reached ** piety under Yredelemnul
  6641 | D:7      | Reached XP level 10. HP: 37/74 MP: 20/20
  7454 | D:8      | Reached skill level 5 in Short Blades
  7454 | D:8      | Reached skill level 5 in Long Blades
  7454 | D:8      | Reached skill level 5 in Axes
  7454 | D:8      | Reached skill level 5 in Maces & Flails
  7454 | D:8      | Reached skill level 5 in Polearms
  7454 | D:8      | Reached skill level 5 in Staves
  7454 | D:8      | Reached skill level 5 in Slings
  7454 | D:8      | Reached skill level 5 in Bows
  7454 | D:8      | Reached skill level 5 in Crossbows
  7454 | D:8      | Reached skill level 5 in Throwing
  7454 | D:8      | Reached skill level 5 in Armour
  7454 | D:8      | Reached skill level 5 in Stealth
  7454 | D:8      | Reached skill level 5 in Shields
  7454 | D:8      | Reached skill level 5 in Evocations
  7740 | D:8      | Found a sparkling altar of Nemelex Xobeh.
  7986 | D:9      | HP: 1/76 [warg (12)]
  7991 | D:9      | HP: 1/76 [warg (1)]
  7994 | D:9      | Found a staircase to the Lair.
  8008 | D:9      | Reached *** piety under Yredelemnul
  8015 | D:9      | HP: 1/76 [killer bee (4)]
  8024 | D:9      | Killed from afar by an orc priest

Skill      XL: |  1  2  3  4  5  6  7  8  9 10 |
---------------+-------------------------------+-----
Spellcasting   | 5 6 7 |  7.3
Invocations    | 1 2 3 4 5 |  5.8
Short Blades   | 1 2 3 4 5 |  5.2
Long Blades    | 1 2 3 4 5 |  5.2
Axes           | 1 2 3 4 5 |  5.2
Maces & Flails | 1 2 3 4 5 |  5.2
Polearms       | 1 2 3 4 5 |  5.2
Staves         | 1 2 3 4 5 |  5.2
Slings         | 1 2 3 4 5 |  5.2
Bows           | 1 2 3 4 5 |  5.2
Crossbows      | 1 2 3 4 5 |  5.2
Throwing       | 1 2 3 4 5 |  5.2
Armour         | 1 2 3 4 5 |  5.2
Stealth        | 1 2 3 4 5 |  5.2
Shields        | 1 2 3 4 5 |  5.2
Evocations     | 1 2 3 4 5 |  5.2
Conjurations   | 1 2 3 4 |  4.3
Hexes          | 1 2 3 4 |  4.3
Charms         | 1 2 3 4 |  4.3
Summonings     | 1 2 3 4 |  4.3
Necromancy     | 1 2 3 4 |  4.3
Translocations | 1 2 3 4 |  4.3
Fire Magic     | 1 2 3 4 |  4.3
Ice Magic      | 1 2 3 4 |  4.3
Air Magic      | 1 2 3 4 |  4.3
Earth Magic    | 1 2 3 4 |  4.3
Poison Magic   | 1 2 3 4 |  4.3
Fighting       | 3 4 5 |  5.9
Transmutations | 4 5 |  5.8
Dodging        | 5 6 7 |  7.1
Unarmed Combat | 7 8 |  8.5

Action                   |  1- 3 |  4- 6 |  7- 9 | 10-12 || total
-------------------------+-------+-------+-------+-------++-------
Melee: Unarmed           |    98 |   144 |   311 |    40 ||   593
       Headbutt          |     9 |    15 |     9 |       ||    33
       Bite              |    10 |    19 |    17 |     8 ||    54
       Kick              |     4 |     8 |    12 |       ||    24
       Punch             |     2 |     9 |     4 |       ||    15
       Great sword       |       |       |    16 |    58 ||    74
 Cast: Beastly Appendage |    13 |    13 |     7 |       ||    33
       Sticks to Snakes  |       |     8 |    12 |    16 ||    36
       Spider Form       |       |     2 |    14 |     4 ||    20
       Summon Guardian G |       |       |     2 |     2 ||     4
Invok: Animate Remains   |       |       |    15 |     8 ||    23
       Recall Undead Sla |       |       |       |     1 ||     1
       Animate Dead      |       |       |       |     1 ||     1
 Abil: End Transformatio |       |       |     1 |       ||     1
Evoke: Wand              |       |       |     3 |     7 ||    10
  Use: Scroll            |     2 |     3 |     4 |     6 ||    15
       Potion            |       |     4 |     7 |     3 ||    14
 Stab: Sleeping          |     2 |     5 |     5 |     1 ||    13
       Distracted        |       |     1 |       |       ||     1
  Eat: Chunk             |     2 |     5 |    14 |     6 ||    27
       Ration            |       |       |     1 |       ||     1
Armor: Robe              |    19 |    10 |    11 |     8 ||    48
       Skin              |       |       |     2 |       ||     2
Dodge: Dodged            |    84 |    59 |   189 |    98 ||   430
Block: Other             |     5 |    20 |    53 |    19 ||    97
       Reflection        |       |       |     5 |       ||     5
       Rpst.: Great sword |       |       |     1 |    16 ||    17
